 Dungeon Crawl Stone Soup version 0.31-a0-1540-g5a0b83f448 (webtiles) character file.

Game seed: 3758260410798800547

55606 Persephone the Brawler (level 14, -2/81 HPs)
             Began as a Vine Stalker Fighter on Jan 1, 2024.
             Was a High Priest of Okawaru.
             Slain by an apocalypse crab (4 damage)
             ... while petrified by you
             ... on level 3 of the Abyss.
             The game lasted 00:34:39 (17159 turns).

Persephone the Brawler (Vine Stalker Fighter)      Turns: 17159, Time: 00:34:39

Health: -2/81      AC: 14    Str: 20    XL:     14   Next: 78%
Magic:  0/32       EV:  2    Int:  8    God:    Okawaru [*****.]
Gold:   1510       SH:  0    Dex: 16    Spells: 13/13 levels left

rFire   . .          .
                       - Unarmed
rCold   + . .        N - +2 buckler
rNeg    + + +        t - +4 ring mail of the Evening {SInv}
rPois   ∞            (no helmet)
rElec   .            d - scarf {shadows}
rCorr   .            (no gloves)
SInv    +            J - +2 pair of boots
Will    +....        (no amulet)
Stlth   ++           u - ring of protection from cold
HPRegen 1.13/turn    I - ring of magical power
MPRegen 0.23/turn

%: guardian spirit
@: mighty, petrified, heroic, weakened, studying Earth Magic
A: fangs 3, regeneration 1, magic shield, antimagic bite, no potion heal 2,
(teleportitis 1), weak 1
a: Renounce Religion, Heroism, Finesse, Duel


You were on level 3 of the Abyss.
You worshipped Okawaru.
Okawaru was extremely pleased with you.
You visited 2 branches of the dungeon, and saw 17 of its levels.
You visited the Abyss 1 time.
You also visited: Bailey.

You collected 1510 gold pieces.

Inventory:

Missiles
 p - 6 throwing nets
 H - 4 silver javelins
Armour
 d - a scarf of shadows (worn)
 t - the +4 ring mail of the Evening (worn) {SInv}
   (You found it on level 3 of the Dungeon)

   SInv:      It lets you see invisible.
 J - a +2 pair of boots (worn)
 L - a +0 tower shield
 N - a +2 buckler (worn)
Jewellery
 h - a ring of flight
 u - a ring of protection from cold (left hand)
 I - a ring of magical power (right hand)
Wands
 v - a wand of light (20)
 z - a wand of mindburst (18)
 D - a wand of flame (20)
 E - a wand of polymorph (3)
 G - a wand of roots (25)
Scrolls
 a - 4 scrolls of enchant armour
 b - 4 scrolls of identify
 k - 3 scrolls of fog
 s - 2 scrolls of enchant weapon
 w - a scroll of fear
 y - 5 scrolls of immolation
 B - 2 scrolls of silence
 C - a scroll of teleportation
 F - a scroll of butterflies
 K - 5 scrolls of vulnerability
 M - a scroll of amnesia
 O - a scroll of brand weapon
 P - a scroll of revelation {unknown}
 Q - a scroll of blinking {unknown}
Potions
 c - 4 potions of might
 e - 5 potions of attraction
 f - 5 potions of resistance
 g - 5 potions of lignification
 i - 3 potions of haste
 j - 2 potions of heal wounds
 m - 8 potions of curing
 n - 2 potions of brilliance
 o - 7 potions of mutation
 q - a potion of berserk rage {unknown}
 r - a potion of magic
 x - 2 potions of enlightenment
 A - a potion of invisibility


   Skills:
 + Level 12.5(17.5) Fighting
 - Level 2.4(7.4) Armour
 + Level 9.3(14.3) Shields
 + Level 16.0(21.0) Unarmed Combat
 + Level 11.9 Invocations


You had 13 spell levels left.
You didn't know any spells.
Your spell library contained the following spells:

 Spells                   Type           Power      Damage    Failure   Level
 Apportation              Tloc           0%         N/A       58%         1
 Necrotise                Necr           0%         1d4       58%         1
 Shock                    Conj/Air       0%         1d3       58%         1
 Sting                    Conj/Alch      0%         1d3       58%         1
 Cigotuvi's Dreadful Rot  Necr/Alch/Air  0%         N/A       75%         2
 Ensorcelled Hibernation  Hex/Ice        0%         N/A       75%         2
 Sublimation of Blood     Necr           0%         N/A       75%         2
 Dazzling Flash           Conj/Hex       0%         N/A       92%         3
 Fugue of the Fallen      Necr           0%         N/A       92%         3
 Inner Flame              Hex/Fire       0%         N/A       92%         3
 Stone Arrow              Conj/Erth      0%         3d7       92%         3
 Swiftness                Air            0%         N/A       92%         3
 Volatile Blastmotes      Fire/Tloc      0%         2d10      92%         3
 Airstrike                Air            0%         2d(0-16)  100%        4
 Anguish                  Hex/Necr       0%         N/A       100%        4
 Dimensional Bullseye     Hex/Tloc       0%         N/A       100%        4
 Dispel Undead            Necr           0%         3d6       100%        4
 Flame Wave               Conj/Fire      0%         2d4       100%        4
 Iskenderun's Mystic Bla  Conj/Tloc      0%         2d3       100%        4
 Sticky Flame             Fire/Alch      0%         2d4       100%        4
 Lee's Rapid Deconstruct  Erth           0%         3d4*      100%        5
 Starburst                Conj/Fire      0%         6d3       100%        6
 Lehudib's Crystal Spear  Conj/Erth      0%         10d2      100%        8
 Maxwell's Capacitive Co  Air            0%         ∞         100%        8
 Summon Small Mammal      Summ           Unusable   N/A       N/A         1
 Call Imp                 Summ           Unusable   N/A       N/A         2
 Tukima's Dance           Hex            Unusable   N/A       N/A         3
 Animate Armour           Summ/Erth      Unusable   N/A       N/A         4
 Martyr's Knell           Necr/Summ      Unusable   N/A       N/A         4
 Summon Lightning Spire   Summ/Air       Unusable   N/A       N/A         4
 Death Channel            Necr           Unusable   N/A       N/A         6
 Summon Hydra             Summ           Unusable   N/A       N/A         7

Dungeon Overview and Level Annotations

Branches:
Dungeon (12/15)            Temple (0/1) D:4            Lair (5/5) D:10
  Swamp (0/4) Lair:2       Spider (0/4) Lair:3        Slime (0/5) Lair:4
    Orc (0/2) D:11         Bailey (visited)

Altars:
Ashenzari
Cheibriados
Dithmenos
Okawaru
Qazlal
Wu Jian
Jiyva

Shops:
D:2 *   D:6 *[!!

Annotations:
Lair:4 1 runed translucent door, dialectric's ghost, journeyman MiFi


Innate Abilities, Weirdness & Mutations

You have razor-sharp teeth.
Your natural rate of healing is unusually fast.
When hurt, damage is shared between your health and your magic reserves.
Your bite disrupts and absorbs the magic of your enemies.
Potions cannot restore your health.
((You are occasionally teleported next to monsters.))
You are weak. (Str -2)


Message History

You are no longer poisoned.
The apocalypse crab bites you.
The apocalypse crab claws you but does no damage.
The apocalypse crab bites you but does no damage.
The apocalypse crab claws you but does no damage.
You have turned to stone.
The apocalypse crab bites you!
You feel your attacks grow feeble. The apocalypse crab claws you.
The apocalypse crab freezes you! You resist. The apocalypse crab bites you.
The apocalypse crab freezes you! You resist.
The apocalypse crab claws you but does no damage.
The apocalypse crab breathes chaos at you.
The blast of chaos engulfs you!
You feel as though you will be weak longer.
You are engulfed in seething chaos.
You feel less confused.
The apocalypse crab is engulfed in seething chaos.
The apocalypse crab flies into a frenzy!
The apocalypse crab bites you.
You are engulfed in flames!
The apocalypse crab claws you!
* * * LOW HITPOINT WARNING * * *
The apocalypse crab freezes you! You resist.
* * * LOW HITPOINT WARNING * * *
You are engulfed in seething chaos.
The apocalypse crab is engulfed in seething chaos.
The apocalypse crab bites you!
* * * LOW HITPOINT WARNING * * *
You feel as though you will be weak longer.
The apocalypse crab claws you but does no damage.
The apocalypse crab bites you!
* * * LOW HITPOINT WARNING * * *
You are engulfed in flames!
* * * LOW HITPOINT WARNING * * *
The apocalypse crab claws you!
* * * LOW HITPOINT WARNING * * *
The apocalypse crab freezes you. You resist.
* * * LOW HITPOINT WARNING * * *
The apocalypse crab bites you but does no damage.
The apocalypse crab claws you!
You die...

.#.. .. .#
#...#.# ..# #
..#..##..
..####.....#
.........#.##
#...t.....#
#.@# .. # .
##.# . ...#.
#.## ## ### .
.. ##.###.##
. .. #.# §# .
. .# ..#
#.#....#
....# #
....#.#.#
#.#.# #..##.
###.. .#.#
...## #.
...###..


You could see a neutral apocalypse crab (fast, strong, frenzied, resistant).

Vanquished Creatures
  A shard shrike skeleton (Abyss:3)
  A tentacled starspawn (Abyss:3)
  A bunyip (Abyss:3)
  Snorg (Lair:4)
  Josephine (Lair:4)
  Harold (D:9)
  An entropy weaver (Abyss:3)
  A hydra (Lair:3)
  5 two-headed ogres
  A boulder beetle (D:11)
  Erica (D:9)
  A catoblepas (Lair:4)
  Urug (Lair:3)
  3 thrashing horrors (Abyss:3)
  A sun demon (Arena)
  A skyshark (Lair:5)
  3 skeletal warriors (D:11)
  A fire crab (Lair:5)
  A pharaoh ant (Lair:3)
  A glowing orange brain (Abyss:3)
  2 spriggan druids (Lair:2)
  An ugly thing (Lair:5)
  A cyclops (D:11)
  A rust devil (Abyss:3)
  17 elephants (Lair:5)
  2 slime creatures (D:12)
  2 black mambas (Lair:4)
  13 cane toads
  2 unseen horrors
  Maggie (D:7)
  7 komodo dragons
  Jeremiah (D:8)
  A hellion (Abyss:3)
  5 rime drakes
  A tengu conjurer (D:11)
  Prince Ribbit (D:9)
  A tarantella (Lair:3)
  2 polar bears
  4 raiju
  15 blink frogs
  A shadow (D:12)
  3 ynoxinuls (Lair:5)
  3 spriggans (Bailey)
  25 yaks
  6 basilisks
  2 wyverns
  A neqoxec (Abyss:2)
  A warg (D:11)
  6 wraiths
  4 steam dragons
  A harpy simulacrum (Abyss:3)
  Edmund (D:4)
  14 water moccasins
  2 sky beasts (D:7)
  2 black bears
  3 orc warriors
  7 ice beasts
  3 ogres
  8 wolves
  9 small abominations
  8 starcursed masses (Abyss:3)
  4 centaurs
  2 weeping skulls (Abyss:3)
  3 kobold brigands
  11 bullfrogs
  A gnoll sergeant (D:7)
  8 scorpions
  7 wights
  9 killer bees
  2 electric eels (Lair:4)
  4 jellies
  3 gnoll boudas
  7 orc priests
  5 hounds
  6 iguanas
  2 sleepcaps
  14 orc wizards
  28 gnolls
  4 adders
  2 white imps (D:6)
  2 ufetubi (D:4)
  5 dart slugs
  34 orcs
  7 endoplasms
  A giant cockroach (D:1)
  4 goblins
  5 hobgoblins
  9 jackals
  A quokka (D:1)
  7 ball pythons
  6 bats
  5 frilled lizards
  20 kobolds
  5 rats
451 creatures vanquished.

Vanquished Creatures (others)
  A quasit (Abyss:3)
  2 starspawn tentacles (Abyss:3)
3 creatures vanquished.

Grand Total: 454 creatures vanquished

Notes
Turn   | Place    | Note
-------+----------+-------------------------------------------
     0 | D:1      | Persephone the Vine Stalker Fighter began the quest for the
                  | Orb.
     0 | D:1      | Reached XP level 1. HP: 11/11 MP: 2/2
   120 | D:1      | Reached XP level 2. HP: 16/16 MP: 3/3
   218 | D:1      | Reached skill level 3 in Unarmed Combat
   517 | D:1      | Reached XP level 3. HP: 18/19 MP: 4/4
   798 | D:1      | Found a faded altar of an unknown god.
  1215 | D:2      | Reached skill level 4 in Unarmed Combat
  1237 | D:2      | Found Tiphaewuy's General Store.
  1562 | D:2      | Reached XP level 4. HP: 23/23 MP: 5/5
  2092 | D:3      | Found a stormy altar of Qazlal.
  2092 | D:3      | Found an ornate altar of the Wu Jian Council.
  2099 | D:3      | Found a broken altar of Ashenzari.
  2102 | D:3      | Found a shadowy altar of Dithmenos.
  2105 | D:3      | Found an iron altar of Okawaru.
  2126 | D:3      | Became a worshipper of Warmaster Okawaru
  2283 | D:3      | Identified the +4 ring mail of the Evening {SInv}
  2560 | D:4      | Reached skill level 5 in Unarmed Combat
  2560 | D:4      | Reached XP level 5. HP: 27/27 MP: 6/6
  2794 | D:4      | Noticed Edmund
  2831 | D:4      | Killed Edmund
  2831 | D:4      | Reached * piety under Okawaru
  2832 | D:4      | Reached skill level 6 in Unarmed Combat
  2832 | D:4      | Reached XP level 6. HP: 18/32 MP: 3/7
  3120 | D:4      | Reached skill level 7 in Unarmed Combat
  3211 | D:4      | Found a staircase to the Ecumenical Temple.
  3514 | D:5      | Entered Level 5 of the Dungeon
  3531 | D:5      | Noticed a water moccasin
  3538 | D:5      | Killed a water moccasin
  3539 | D:5      | Reached XP level 7. HP: 24/35 MP: 8/8
  3639 | D:5      | Reached skill level 8 in Unarmed Combat
  3734 | D:5      | Reached ** piety under Okawaru
  3940 | D:5      | Reached skill level 9 in Unarmed Combat
  3940 | D:5      | Gained mutation: You have razor-sharp teeth. [Vine Stalker
                  | growth]
  3940 | D:5      | Reached XP level 8. HP: 38/39 MP: 9/9
  4703 | D:6      | Reached skill level 10 in Unarmed Combat
  4778 | D:6      | Found Uckaore's Distillery.
  4871 | D:6      | Found Obe Umpe's Antique Armour Shop.
  4940 | D:6      | Found Aqiusuc's Assorted Antiques.
  5060 | D:6      | Reached skill level 11 in Unarmed Combat
  5101 | D:6      | Reached XP level 9. HP: 43/43 MP: 10/10
  5178 | D:6      | Found Tyat's Distillery.
  5253 | D:6      | Reached *** piety under Okawaru
  5593 | D:7      | Reached skill level 12 in Unarmed Combat
  5620 | D:7      | Noticed Maggie
  5640 | D:7      | Killed Maggie
  5749 | D:7      | Found a flagged portal.
  5887 | D:7      | Reached skill level 13 in Unarmed Combat
  5896 | Bailey   | Entered a bailey
  5939 | Bailey   | Reached **** piety under Okawaru
  6022 | Bailey   | Noticed a two-headed ogre
  6089 | Bailey   | Reached XP level 10. HP: 40/47 MP: 8/11
  6169 | Bailey   | Reached skill level 14 in Unarmed Combat
  6192 | Bailey   | Killed a two-headed ogre
  6192 | Bailey   | Reached ***** piety under Okawaru
  6260 | Bailey   | Identified a scroll of acquirement
  6260 | Bailey   | Acquired 428 gold pieces
  6443 | D:7      | Identified the +6 spear "Sagaull" {venom, *Corrode rC++}
  6716 | D:8      | Noticed Jeremiah
  6794 | D:8      | Killed Jeremiah
  6928 | D:8      | Reached skill level 5 in Fighting
  7591 | D:9      | Reached skill level 1 in Invocations
  7653 | D:9      | Noticed a two-headed ogre
  7662 | D:9      | Killed a two-headed ogre
  7710 | D:9      | Noticed a two-headed ogre
  7725 | D:9      | Killed a two-headed ogre
  7725 | D:9      | Received a gift from Okawaru
  7725 | D:9      | Noticed Harold
  7726 | D:9      | Reached XP level 11. HP: 11/58 MP: 1/14
  7825 | D:9      | Killed Harold
  7941 | D:9      | Found a snail-covered altar of Cheibriados.
  8172 | D:9      | Noticed Erica
  8182 | D:9      | Killed Erica
  8264 | D:9      | Noticed Prince Ribbit
  8271 | D:9      | Killed Prince Ribbit
  8272 | D:9      | Reached skill level 5 in Invocations
  8552 | D:10     | Entered Level 10 of the Dungeon
  8655 | D:10     | Noticed a two-headed ogre
  8661 | D:10     | Killed a two-headed ogre
  8809 | D:10     | Received a gift from Okawaru
  9094 | D:10     | Found a staircase to the Lair.
  9706 | D:11     | Noticed a boulder beetle
  9729 | D:11     | Noticed a two-headed ogre
  9732 | D:11     | Killed a boulder beetle
  9742 | D:11     | HP: 2/62 [two-headed ogre/+0 giant club (10)]
  9938 | D:11     | Found a staircase to the Orcish Mines.
  9947 | D:11     | Received a gift from Okawaru
  9976 | D:11     | Reached XP level 12. HP: 66/66 MP: 18/18
 10224 | D:11     | Killed a two-headed ogre
 10699 | Lair:1   | Entered Level 1 of the Lair of Beasts
 10722 | Lair:1   | Reached skill level 5 in Shields
 10810 | Lair:1   | Reached skill level 10 in Fighting
 12343 | Lair:2   | Received a gift from Okawaru
 12379 | Lair:2   | Found a staircase to the Swamp.
 12689 | Lair:3   | Noticed a seven-headed hydra
 12707 | Lair:3   | Killed a seven-headed hydra
 12807 | Lair:3   | Reached XP level 13. HP: 72/72 MP: 21/21
 12817 | Lair:3   | Noticed Urug
 12827 | Lair:3   | Killed Urug
 13331 | Lair:3   | Found a hole to the Spider Nest.
 13929 | Lair:4   | Found a runed translucent door.
 13932 | Lair:4   | Noticed dialectric's ghost (journeyman MiFi)
 13963 | Lair:4   | Reached skill level 10 in Invocations
 14283 | Lair:4   | Reached ****** piety under Okawaru
 14283 | Lair:4   | Received a gift from Okawaru
 14459 | Lair:4   | Noticed Josephine
 14469 | Lair:4   | Killed Josephine
 14470 | Lair:4   | Reached skill level 15 in Unarmed Combat
 14589 | Lair:4   | Noticed Snorg
 14607 | Lair:4   | Killed Snorg
 14801 | Lair:4   | Found a viscous altar of Jiyva.
 14801 | Lair:4   | Found a staircase to the Slime Pits.
 15130 | Lair:5   | Entered Level 5 of the Lair of Beasts
 15139 | Lair:5   | HP: 1/74 [fire crab (11)]
 15346 | Lair:4   | Received a gift from Okawaru
 15406 | Arena    | Entered the Arena
 15889 | Lair:5   | Reached XP level 14. HP: 72/79 MP: 23/23
 16021 | Lair:5   | Received a gift from Okawaru
 16071 | Lair:5   | Identified the +1 robe of Brilliance {Fly rN+ Dex+3}
 16763 | Abyss:2  | Cast into level 2 of the Abyss (spriggan)
 16785 | Abyss:2  | Gained mutation: You are occasionally teleported next to
                  | monsters. [a neqoxec]
 16791 | Abyss:2  | Gained mutation: You are weak. (Str -2) [a neqoxec]
 16864 | Abyss:3  | Found a corrupted altar of Lugonu.
 16874 | Abyss:3  | Received a gift from Okawaru
 16875 | Abyss:3  | Noticed a starcursed mass
 17046 | Abyss:3  | Noticed a tentacled starspawn
 17053 | Abyss:3  | Reached skill level 16 in Unarmed Combat
 17054 | Arena    | Entered the Arena
 17077 | Abyss:3  | Found a corrupted altar of Lugonu.
 17116 | Abyss:3  | Killed a tentacled starspawn
 17117 | Abyss:3  | Found a corrupted altar of Lugonu.
 17159 | Abyss:3  | HP: 4/81 [apocalypse crab (4)]
 17159 | Abyss:3  | Slain by an apocalypse crab

Illustrated notes

Levels and vault maps discovered:
D:1:      wander_arrival_lonely_grave, layout_basic,
          dreamdust_ecumenical_altar_hidden_monk_grotto, minivault_19,
          minmay_surrounded
D:2:      layout_loops_ring, serial_shops, shop_fountains, minmay_pentomino_w2
D:3:      layout_loops_cross, chequers_temple_overflow_minitemple
D:4:      layout_basic, minmay_temple_entry_poolview, uniq_edmund
D:5:      layout_basic
D:6:      layout_rooms, serial_shops, nicolae_shop_hallway_plus, shop,
          nicolae_shop_rolling_square, nicolae_shop_tiny_waterfront
D:7:      layout_basic, enter_bailey_8, grunt_ministairs_15,
          nicolae_concentric_dashed_squares_wild, minmay_misc_feat_diagonals,
          uniq_maggie
D:8:      layout_loops_ring, uniq_jeremiah
D:9:      layout_rooms, lemuel_coloured_pillars_altar, uniq_harold, uniq_erica,
          uniq_prince_ribbit1
D:10:     layout_big_octagon, hellmonk_lair_entry_icy
D:11:     layout_long_grid, minmay_orc_entry_guard_dogs
D:12:     layout_roguey, uniq_gastronok
Lair:1:   layout_long_grid
Lair:2:   layout_regular_city, mainiacjoe_swamp_entry_angry_trees
Lair:3:   layout_loops_ring, nicolae_spider_entry_lesser_pyramids, uniq_urug
Lair:4:   layout_gridlike, dpeg_slime_entry_enclosed, ebering_ghost_inner_flame,
          uniq_snorg, uniq_josephine
Lair:5:   hellmonk_lair_end_abyssal_woods, layout_cave_pods, grunt_megastairs_2
Abyss:3:  base: D:10, base: D:13, minivault_13, base: IceCv,
          nicolae_abyss_rune_left_handed, hangedman_eye_storm

Skill      XL: |  1  2  3  4  5  6  7  8  9 10 11 12 13 14 |
---------------+-------------------------------------------+-----
Unarmed Combat | 3 4 5 6 7 9 11 13 14 15 16 | 16.0
Fighting       | 7 9 10 11 12 | 12.5
Invocations    | 3 7 9 10 11 | 11.9
Shields        | 3 6 8 9 |  9.3
Armour         | |  2.4

Action                     |  1- 3 |  4- 6 |  7- 9 | 10-12 | 13-15 || total
---------------------------+-------+-------+-------+-------+-------++-------
  Melee: Unarmed           |    83 |    99 |   259 |   533 |   551 ||  1525
         Bite              |    22 |    23 |    67 |   173 |   211 ||   496
  Throw: Boomerang         |    28 |    65 |     2 |    22 |       ||   117
         Dart              |       |       |    77 |   122 |   142 ||   341
 Invoke: Heroism           |       |       |     3 |    13 |     9 ||    25
         Duel              |       |       |       |       |     2 ||     2
         Finesse           |       |       |       |       |     3 ||     3
    Use: Scroll            |       |     5 |     6 |    16 |     3 ||    30
         Potion            |       |       |       |       |     1 ||     1
 Armour: Scale mail        |    13 |       |       |       |       ||    13
         Leather armour    |    19 |     6 |       |       |       ||    25
         Ring mail         |       |    35 |   178 |   343 |   444 ||  1000
  Dodge: Dodged            |    30 |    27 |   138 |   196 |   234 ||   625
  Block: Buckler           |    17 |    18 |    82 |   132 |   206 ||   455
         Tower shield      |       |       |       |    29 |       ||    29

Table legend: (Time is in decaauts)
 A = Elapsed time spent in this place.
 B = Non-inter-level travel time spent in this place.
 C = Inter-level travel time spent in this place.
 D = Time resting spent in this place.
 E = Time spent auto-exploring this place.
 F = Levels seen in this place.
 G = Mean time per level.
                   A        B        C        D        E       F      G
               +--------+--------+--------+--------+--------+-----+--------+
         Total |  16924 |  15649 |   1275 |      0 |  11816 |  23 |  735.8 |
       Dungeon |  10200 |   9195 |   1005 |      0 |   7134 |  12 |  850.0 |
          Lair |   5919 |   5650 |    269 |      0 |   4507 |   5 | 1183.8 |
         Abyss |    330 |    330 |      0 |      0 |    157 |   3 |  110.0 |
        Bailey |    430 |    430 |      0 |      0 |      0 |   1 |  430.0 |
         Arena |     44 |     44 |      0 |      0 |     17 |   2 |   22.0 |
               +--------+--------+--------+--------+--------+-----+--------+

Top non-repeatable levels by time:
  Lair:4: 1681 daAuts
  Lair:3: 1171 daAuts
     D:5: 1127 daAuts
  Lair:5: 1117 daAuts
     D:1: 1092 daAuts
  Lair:1: 1006 daAuts
    D:10: 991 daAuts
     D:9: 974 daAuts
     D:7: 948 daAuts
  Lair:2: 943 daAuts
     D:4: 895 daAuts
     D:8: 886 daAuts
     D:3: 840 daAuts
    D:11: 824 daAuts
     D:6: 772 daAuts
